 Dungeon Sprint DCSS version 0.25-a0-424-g80bd347ae0 (webtiles) character file.

Game seed: 2038802544139017427, levelgen mode: deterministic

281 Baz the Geomancer (level 6, -3/32 HPs)
             Began as a Gargoyle Earth Elementalist on Jan 20, 2020.
             Was an Initiate of Vehumet.
             Slain by a human (11 damage)
             ... in the Dungeon (Sprint III: "The Ten Rune Challenge").
             The game lasted 00:03:05 (644 turns).

Baz the Geomancer (Gargoyle Earth Elementalist)      Turns: 644, Time: 00:03:06

Health: -3/32      AC:  6    Str: 12    XL:     6   Next: 27%
Magic:  14/17      EV: 12    Int: 17    God:    Vehumet [......]
Gold:   41         SH:  0    Dex: 10    Spells: 16/22 levels left

rFire    . . .     SeeInvis .   p - +2 dagger (freeze)
rCold    . . .     Gourm    .   (no shield)
rNeg     + . .     Faith    .   c - +0 robe
rPois    ∞         Spirit   .   (no helmet)
rElec    +         Reflect  .   (no cloak)
rCorr    .         Harm     .   (no gloves)
MR       .....     NoTele   +   (no boots)
Stlth    ++........             (no amulet)
HPRegen  0.10/turn              (no ring)
MPRegen  0.15/turn              (no ring)

@: no status effects
A: negative energy resistance 1, electricity resistance, unbreathing,
petrification resistance, rot immunity, AC +4
a: Renounce Religion


You were in the Dungeon.
You worshipped Vehumet.
Vehumet was noncommittal.
You were not hungry.

You visited 1 branch You collected 41 gold pieces.

Inventory:

Hand Weapons
 a - a +0 dagger
 p - a +2 dagger of freezing (weapon)
Missiles
 b - 4 stones (quivered)
Armour
 c - a +0 robe (worn)
Scrolls
 j - a scroll of blinking
 k - a scroll of holy word {unknown}
 l - a scroll of enchant weapon {unknown}
 m - 4 scrolls of remove curse
 n - a scroll of immolation {unknown}
 o - a scroll of identify {unknown}
Potions
 f - 4 potions of mutation {unknown}
 h - a potion of magic
 i - a potion of berserk rage
Comestibles
 d - 4 rations
 g - 4 chunks of flesh


   Skills:
 - Level 1.5 Dodging
 - Level 2.1 Stealth
 + Level 8.6 Spellcasting
 + Level 0.0 Conjurations
 - Level 0.7 Transmutations
 - Level 11.0 Earth Magic


You had 16 spell levels left.
You knew the following spells:

 Your Spells              Type           Power        Failure   Level  Hunger
a - Sandblast             Erth           #####.       1%          1    None
b - Passwall              Tmut/Erth      ####....     1%          2    None
c - Stone Arrow           Conj/Erth      ####..       3%          3    #......

Your spell library contained the following spells:

 Spells                   Type           Power        Failure   Level  Hunger
 Lee's Rapid Deconstruct  Erth           #####.....   3%          5    #####..
 Petrify                  Tmut/Erth      ####....     9%          4    ###....
 Animate Skeleton         Necr           N/A          10%         1    None
 Apportation              Tloc           #.....       10%         1    None
 Corona                   Hex            #......      10%         1    None
 Summon Small Mammal      Summ           #...         10%         1    None


Dungeon Overview and Level Annotations

Branches:
Dungeon (1/1)

Altars:
Dithmenos
Kikubaaqudgha
Okawaru
Ru
Sif Muna
Trog
Uskayaw
Vehumet
Wu Jian
Yredelemnul
Beogh


Innate Abilities, Weirdness & Mutations

You are resistant to torment.
Your stone body is resilient. (AC +4)
You are immune to poison.
You resist negative energy. (rN+)
You are resistant to electric shocks. (rElec)
You can survive without breathing.
You are immune to petrification.
You are immune to rotting.


Message History

The stone arrow misses the human.
The human hits you. The human misses you.
The human hits you but does no damage.
Casting: Stone Arrow (safe; 3% risk of failure)
Confirm with . or Enter, or press ? or * to list all spells.
You don't have enough magic to cast that spell.
Unknown command.
You feel better. The human completely misses you. The human closely misses you.
Magic courses through your body. The human hits you!
The human hits you but does no damage. The human hits you!
* * * LOW HITPOINT WARNING * * *
Unknown command.
Casting: Stone Arrow (safe; 3% risk of failure)
Confirm with . or Enter, or press ? or * to list all spells.
Aiming: Stone Arrow (safe; 3% risk of failure)
Press: ? - help, Shift-Dir - straight line, f/p - human
Aim: a human (moderately wounded, berserk, fast, unusually strong)
The stone arrow hits the human!
The human is heavily wounded.
The human closely misses you. The human hits you!
You die...

▓▓▓▓ ▓▓▓ [..#### ##.#
######## ......#####..#
#___#__# .......#..#..#
#__.#._#
#.##÷..#..#..###+#'###[##
#.###..##'#..#..@p......#
##.##..###...'.⌠.p......#
÷.##..####...#...######+#
..##÷.###....#.⌠.#
.##...##.....#...#
##....#......#)###
##..##.#.....#[..#
#..#####....#___# ▓▓▓▓
▓▓▓▓▓▓▓▓▓▓


You could see 2 humans.

Vanquished Creatures
  A necrophage (D)
  A water elemental (D)
  A scorpion (D)
  A wizard (D)
  A necromancer (D)
  A human (D)
  A kobold demonologist (D)
  An ooze (D)
  3 rats (D)
11 creatures vanquished.

Vanquished Creatures (others)
  2 draconian scorchers (D)
  6 hellions (D)
  A yaktaur (D)
  A plant (D)
10 creatures vanquished.

Grand Total: 21 creatures vanquished

Notes
Turn   | Place    | Note
-------+----------+-------------------------------------------
     0 | D        | Baz the Gargoyle Earth Elementalist began the quest for the
                  | Orb.
     0 | D        | Reached XP level 1. HP: 10/10 MP: 3/3
    11 | D        | Reached skill level 4 in Earth Magic
    52 | D        | Killed a hellion
    71 | D        | Reached XP level 2. HP: 15/15 MP: 3/6
    87 | D        | Killed a yaktaur
   101 | D        | Learned a level 2 spell: Passwall
   106 | D        | Killed a hellion
   107 | D        | Noticed a scorpion
   108 | D        | Killed a hellion
   114 | D        | Killed a hellion
   114 | D        | Killed a hellion
   116 | D        | Killed a hellion
   131 | D        | Reached skill level 5 in Earth Magic
   131 | D        | Reached XP level 3. HP: 19/19 MP: 3/8
   182 | D        | Killed a scorpion
   182 | D        | Reached skill level 5 in Spellcasting
   182 | D        | Reached skill level 7 in Earth Magic
   182 | D        | Reached XP level 4. HP: 24/24 MP: 6/11
   190 | D        | Killed a white draconian scorcher
   193 | D        | Killed a white draconian scorcher
   226 | D        | Learned a level 3 spell: Stone Arrow
   246 | D        | Noticed a water elemental
   249 | D        | Killed a water elemental
   249 | D        | Reached skill level 8 in Earth Magic
   249 | D        | Reached XP level 5. HP: 28/28 MP: 9/14
   289 | D        | Found a hide-covered altar of Uskayaw.
   289 | D        | Found a roughly hewn altar of Beogh.
   289 | D        | Found an iron altar of Okawaru.
   289 | D        | Found a bloodstained altar of Trog.
   289 | D        | Found an ornate altar of the Wu Jian Council.
   289 | D        | Noticed a human
   303 | D        | Found a basalt altar of Yredelemnul.
   303 | D        | Found a shadowy altar of Dithmenos.
   303 | D        | Found a sacrificial altar of Ru.
   303 | D        | Noticed a necrophage
   306 | D        | Killed a necrophage
   306 | D        | Reached skill level 10 in Earth Magic
   309 | D        | Reached XP level 6. HP: 32/32 MP: 2/17
   420 | D        | Found a radiant altar of Vehumet.
   420 | D        | Found a shimmering blue altar of Sif Muna.
   420 | D        | Found an ancient bone altar of Kikubaaqudgha.
   430 | D        | Reached skill level 11 in Earth Magic
   624 | D        | Became a worshipper of Vehumet
   633 | D        | Noticed a human
   644 | D        | Slain by a human

Levels and vault maps discovered:
D:        dungeon_sprint_mu [sprint_mu_entry_cave, sprint_mu_temple_rooms,
          sprint_mu_d1_horrors, sprint_mu_d2_genie, sprint_mu_d3_branching,
          sprint_mu_orc_legion, sprint_mu_elf_gauntlet, sprint_mu_hive_nellie,
          sprint_mu_lair_fedhas, sprint_mu_vaults_butterflies,
          sprint_mu_slime_circle, sprint_mu_swamp_cave, sprint_mu_snake_twists,
          sprint_mu_blade_basic, sprint_mu_crypt_chambers,
          sprint_mu_tomb_spiral, sprint_mu_vestibule_basic,
          sprint_mu_gehenna_hellfire, sprint_mu_dis_giant,
          sprint_mu_tartarus_statrot, sprint_mu_cocytus_islands, sprint_mu_zot1]

Skill      XL: |  1  2  3  4  5  6 |
---------------+-------------------+-----
Spellcasting   | 3 4 5 6 8 |  8.6
Earth Magic    | 4 5 7 8 10 11 | 11.0
Dodging        | |  1.5
Stealth        | |  2.1
Transmutations | |  0.7

Action                   |  1- 3 |  4- 6 || total
-------------------------+-------+-------++-------
Melee: Dagger            |       |     1 ||     1
 Cast: Sandblast         |    16 |    10 ||    26
       Stone Arrow       |       |    13 ||    13
  Use: Potion            |     2 |     4 ||     6
Armor: Robe              |     1 |     3 ||     4
Dodge: Dodged            |     6 |    11 ||    17

Table legend:
 A = Non-vault XP
 B = Vault XP
 C = Vault XP percentage of total XP
 D = Non-vault monster count
 E = Vault monster count
 F = Vault count percentage of total count
                 A         B        C        D         E       F
            +---------+---------+-------+---------+---------+-------
      Total |       0 |     402 | 100.0 |       0 |      11 | 100.0
            +---------+---------+-------+---------+---------+-------
          D |       0 |     402 | 100.0 |       0 |      11 | 100.0
            +---------+---------+-------+---------+---------+-------
